 Dungeon Sprint DCSS version 0.29-a0-789-g7a8fcbc185 (webtiles) character file.

Game seed: 7986784745949135773

10 Hipnos the Trooper (level 2, 0/18 HPs)
             Began as a Gargoyle Monk on July 3, 2022.
             Slain by a neqoxec (11 damage)
             ... in the Dungeon (Sprint II: "The Violet Keep of Menkaure").
             The game lasted 00:00:47 (463 turns).

Hipnos the Trooper (Gargoyle Monk)                   Turns: 463, Time: 00:00:48

Health: 0/18       AC:  4    Str: 14      XL:     2   Next: 20%
Magic:  2/2        EV: 12    Int:  6 (10) God:
Gold:   243        SH:  0    Dex: 12      Spells: 1/1 levels left

rFire   . . .      SeeInvis .   a - +0 mace
rCold   . . .      Faith    .   (no shield)
rNeg    + . .      Spirit   .   b - +0 robe
rPois   ∞          Reflect  .   (no helmet)
rElec   +          Harm     .   (no cloak)
rCorr   .          Rampage  .   (no gloves)
Will    .....      NoTele   +   (no boots)
Stlth   +.........              (no amulet)
HPRegen 0.06/turn               (no ring)
MPRegen 0.08/turn               (no ring)

@: confused, ambrosia-drunk, hasted, very quick
A: sickness immunity, AC +2, negative energy resistance 1, electricity
resistance, torment resistance 1, petrification resistance, frail 1
a: no special abilities


You were in the Dungeon.
You visited 1 branch You collected 243 gold pieces.

Inventory:

Hand Weapons
 a - a +0 mace (weapon)
Armour
 b - a +0 robe (worn)
Scrolls
 i - a scroll of blinking
Potions
 d - a potion of curing
 g - 2 potions of magic


   Skills:
 + Level 4.2 Fighting
 + Level 3.9 Maces & Flails
 + Level 3.1 Dodging
 + Level 2.3 Stealth


You had one spell level left.
You didn't know any spells.
Your spell library was empty.

Dungeon Overview and Level Annotations

Branches:
Dungeon (1/1)

Altars:

Shops:
D (=!::?[=


Innate Abilities, Weirdness & Mutations

You are immune to sickness and miasma.
Your stone body is resilient. (AC +2)
You are immune to poison.
You resist negative energy. (rN+)
You are resistant to electric shocks. (rElec)
You are resistant to unholy torment.
You are immune to petrification.
You are frail. (-10% HP)


Message History

The neqoxec shouts! x3
Found 243 gold pieces.
You closely miss the neqoxec. The neqoxec misses you.
You hit the neqoxec.
The neqoxec is lightly wounded.
The neqoxec barely misses you.
You hit the neqoxec.
The neqoxec is lightly wounded.
The neqoxec gestures at you.
Something tries to feed on your intellect!
The neqoxec misses you. The neqoxec barely misses you.
You feel yourself speed up. The neqoxec gestures at you.
Something tries to feed on your intellect!
You hit the neqoxec but do no damage.
The neqoxec is lightly wounded.
You barely miss the neqoxec.
The neqoxec is lightly wounded.
The neqoxec gestures at you.
You feel dopey. Something feeds on your intellect! The neqoxec gestures at you.
Strange energies course through your body.
You feel frail.
You closely miss the neqoxec.
The neqoxec is lightly wounded.
The neqoxec gestures at you.
You feel dopey. Something feeds on your intellect! The neqoxec hits you!
Ouch! That really hurt!
You sock the neqoxec!
The neqoxec is heavily wounded.
The neqoxec gestures at you.
Something tries to feed on your intellect!
The neqoxec hits you.
You are confused.
You feel invigorated.
You bump into the rock wall.
The neqoxec hits you!
Ouch! That really hurt!
You die...

######≈ ....∩#≈
...∩.#≈ ..∩.∩#≈
.∩.∩.#≈ ###
∩.∩..#≈##.###+#
.....#≈#...##.##
+≈+##.'.<.+
.....#≈#.####@##
▓▓▓###≈##.# #3#
######≈ ##


333 ## ..##. ### ## You could see 4 neqoxecs.

Vanquished Creatures
  3 worms (D)
3 creatures vanquished.

Notes
Turn   | Place    | Note
-------+----------+-------------------------------------------
     0 | D        | Hipnos the Gargoyle Monk began the quest for the Orb.
     0 | D        | Reached XP level 1. HP: 14/14 MP: 1/1
    20 | D        | Reached skill level 4 in Fighting
    20 | D        | Reached XP level 2. HP: 4/20 MP: 2/2
   300 | D        | Found Ceho Riki's Book Emporium.
   300 | D        | Found Piley's Antique Weapon Shoppe.
   300 | D        | Found Iniuss's Magic Scroll Emporium.
   300 | D        | Found Tufoci's Jewellery Shoppe.
   300 | D        | Found Unwecw's Jewellery Emporium.
   300 | D        | Found Cashat's Distillery.
   300 | D        | Found Sewnewumpo's Book Shoppe.
   300 | D        | Found Dasyt's Antique Armour Shoppe.
   453 | D        | Noticed a neqoxec
   453 | D        | Noticed a neqoxec
   453 | D        | Noticed a neqoxec
   453 | D        | Noticed a neqoxec
   459 | D        | Gained mutation: You are frail. (-10% HP) [a neqoxec]
   463 | D        | Slain by a neqoxec

Illustrated notes

Levels and vault maps discovered:
D:        the_violet_keep_of_menkaure [sprint2_stairs_cluster_1,
          sprint2_shoproom, sprint2_temple, sprint2_basic_supplies,
          sprint2_obstacle_4, sprint2_obstacle_1, sprint2_obstacle_2,
          sprint2_obstacle_3, sprint2_obstacle_6, sprint2_timed_cluster_1,
          sprint2_smallroom_cluster_1, sprint2_smallroom_final_cluster_1,
          sprint2_transparent_cluster_1, sprint2_second_timed_cluster_1,
          sprint2_sniper_area_1, sprint2_heavy_combat_area_1,
          sprint2_mutation_trap_area_1, sprint2_forest_area_1,
          sprint2_light_combat_area_1, sprint2_behind_water_1,
          sprint2_near_end_vault_1]

Skill      XL: |  1 |
---------------+----+-----
Fighting       | 4 |  4.2
Dodging        | 3 |  3.1
Maces & Flails | |  3.9
Stealth        | |  2.3

Action                   || total
-------------------------++-------
Melee: Mace              ||    24
       Punch             ||     1
  Use: Potion            ||     4
 Stab: Sleeping          ||     1
Armor: Robe              ||     1
Dodge: Dodged            ||     9

Table legend: (Time is in decaauts)
 A = Elapsed time spent in this place.
 B = Non-inter-level travel time spent in this place.
 C = Inter-level travel time spent in this place.
 D = Time resting spent in this place.
 E = Time spent auto-exploring this place.
 F = Levels seen in this place.
 G = Mean time per level.
                   A        B        C        D        E       F      G
               +--------+--------+--------+--------+--------+-----+--------+
         Total |    470 |    470 |      0 |    418 |      0 |   1 |  470.0 |
       Dungeon |    470 |    470 |      0 |    418 |      0 |   1 |  470.0 |
               +--------+--------+--------+--------+--------+-----+--------+

Top non-repeatable levels by time:
       D: 470 daAuts
